 Dungeon Crawl Stone Soup version 0.26-a0-1107-g6118521029 (webtiles) character file.

Game seed: 1680732485265796736

149347 Luthais the Executioner (level 16, -4/232 HPs)
             Began as a Minotaur Berserker on Dec 16, 2020.
             Was the Champion of Trog.
             Slain by an alligator (5 damage)
             ... on level 1 of the Swamp.
             The game lasted 02:15:04 (32418 turns).

Luthais the Executioner (Minotaur Berserker)       Turns: 32418, Time: 02:15:05

Health: -4/232     AC: 38    Str: 28    XL:     16   Next: 96%
Magic:  15/15      EV:  8    Int:  4    God:    Trog [******]
Gold:   3235       SH:  0    Dex: 17    Spells: 15/15 levels left

rFire    . . .     SeeInvis .   H - +8 executioner's axe (flame)
rCold    . . .     Faith    +   (shield currently unavailable)
rNeg     . . .     Spirit   .   M - +0 crystal plate armour
rPois    .         Reflect  .   (helmet restricted)
rElec    .         Harm     .   R - +2 cloak
rCorr    .         Rampage  .   G - +1 pair of gloves
Will     +++..                  I - +1 pair of boots
Stlth    ..........             p - amulet of faith
HPRegen  1.48/turn              O - +4 ring of protection
MPRegen  0.14/turn              Z - +6 ring of dexterity

@: berserking, lethally poisoned (-4 -> -22), regenerating, very quick
A: retaliatory headbutt, horns 2
a: Berserk, Trog's Hand, Brothers in Arms, Renounce Religion


You were on level 1 of the Swamp.
You worshipped Trog.
Trog was exalted by your worship.
You visited 5 branches of the dungeon, and saw 25 of its levels.
You also visited: Ice Cave and Volcano.

You collected 4348 gold pieces.
You spent 1113 gold pieces at shops.

Inventory:

Hand Weapons
 e - the +8 great sword of the Volcano {antimagic, rC- Str+6 Int+2, unknown}
   (Trog gifted it to you on level 1 of the Orcish Mines)

   It reduces the magical energy of the wielder, and disrupts the spells and
   magical abilities of those hit.
   Natural abilities and divine invocations are not affected.
   It affects your strength (+6).
   It affects your intelligence (+2).
   It makes you vulnerable to cold.
 f - the +7 battleaxe of Inference {flame, +Blink rF+ SInv, unknown}
   (Trog gifted it to you on level 2 of the Orcish Mines)

   It has been specially enchanted to burn those struck by it, causing extra
   injury to most foes and up to half again as much damage against particularly
   susceptible opponents.
   Big, fiery blades are also staple armaments of hydra-hunters.
   It protects you from fire.
   It lets you see invisible.
   It lets you blink.
 q - a +3 antimagic executioner's axe
 D - a +5 battleaxe of flaming
 H - a +8 executioner's axe of flaming (weapon)
Armour
 G - a +1 pair of gloves (worn)
 I - a +1 pair of boots (worn)
 M - a +0 crystal plate armour (worn)
 R - a +2 cloak (worn)
Jewellery
 p - an amulet of faith (around neck)
 O - a +4 ring of protection (left hand)
 Z - a +6 ring of dexterity (right hand)
Wands
 a - a wand of random effects (21)
 t - a wand of digging (1)
 E - a wand of enslavement (25)
 S - a wand of polymorph (23)
Scrolls
 c - 16 scrolls of teleportation
 d - 2 scrolls of remove curse
 g - 2 scrolls of summoning
 i - 2 scrolls of holy word
 j - 2 scrolls of fog
 m - 12 scrolls of identify
 o - 3 scrolls of fear
 u - 3 scrolls of torment
 K - 3 scrolls of enchant armour
 T - 8 scrolls of magic mapping
 U - 7 scrolls of blinking
Potions
 b - 2 potions of berserk rage
 h - 10 potions of curing
 k - 5 potions of flight
 l - 3 potions of mutation
 n - 3 potions of resistance
 r - 2 potions of heal wounds
 s - 2 potions of ambrosia
 x - 2 potions of cancellation
 z - 3 potions of attraction
 A - 3 potions of might
 B - 2 potions of lignification
 N - 2 potions of haste


   Skills:
 + Level 17.3 Fighting
 * Level 22.8 Axes
 + Level 17.1 Armour
 - Level 2.1 Dodging


You had 15 spell levels left.
You didn't know any spells.
Your spell library contained the following spells:

 Spells                   Type           Power        Failure   Level
 Beastly Appendage        Tmut           #.....       100%        1
 Corona                   Hex            #......      100%        1
 Freeze                   Ice            #...         100%        1
 Summon Small Mammal      Summ           #...         100%        1
 Blink                    Tloc           N/A          100%        2
 Call Imp                 Summ           #.......     100%        2
 Corpse Rot               Necr/Air       N/A          100%        2
 Slow                     Hex            #.......     100%        2
 Call Canine Familiar     Summ           #.......     100%        3
 Frozen Ramparts          Ice            #.....       100%        3
 Gell's Gravitas          Tloc           #.........   100%        3
 Inner Flame              Hex/Fire       #.......     100%        3
 Lesser Beckoning         Tloc           #.........   100%        3
 Ozocubu's Armour         Ice            #.......     100%        3
 Portal Projectile        Hex/Tloc       #.....       100%        3
 Stone Arrow              Conj/Erth      #.....       100%        3
 Summon Guardian Golem    Hex/Summ       #.......     100%        3
 Teleport Other           Tloc           #.......     100%        3
 Cause Fear               Hex            #.........   100%        4
 Hailstorm                Conj/Ice       #.......     100%        4
 Leda's Liquefaction      Hex/Erth       #.........   100%        4
 Passage of Golubria      Tloc           N/A          100%        4
 Summon Ice Beast         Ice/Summ       #.......     100%        4
 Summon Lightning Spire   Summ/Air       #.......     100%        4
 Bolt of Magma            Conj/Fire/Erth #.........   100%        5
 Irradiate                Conj/Tmut      #.........   100%        5
 Summon Forest            Summ/Tloc      #.........   100%        5
 Eringya's Noxious Bog    Tmut/Pois      #.........   100%        6
 Hydra Form               Tmut           #.........   100%        6
 Summon Hydra             Summ           #.........   100%        7
 Shatter                  Erth           #.........   100%        9


Dungeon Overview and Level Annotations

Branches:
Dungeon (15/15)            Temple (1/1) D:6            Lair (6/6) D:11
  Swamp (1/4) Lair:4        Snake (0/4) Lair:3        Slime (0/5) Lair:6
    Orc (2/2) D:9             Elf (0/3) Orc:2        Vaults (0/5) D:14
 Depths (0/5) D:15          IceCv (visited)         Volcano (visited)

Altars:
Ashenzari
Cheibriados
Dithmenos
Elyvilon
Fedhas
Gozag
Hepliaklqana
Kikubaaqudgha
Makhleb
Nemelex Xobeh
Okawaru
Qazlal
Sif Muna
Trog
Uskayaw
Vehumet
Wu Jian
Xom
Yredelemnul
Zin
The Shining One
Beogh

Shops:
D:9 (   D:10 *   D:12 [   Orc:2 ?[(:*

Portals:
Abyss: D:11

Annotations:
Lair:3 3 runed translucent doors, Flubbersnuff's ghost, journeyman MiBe
Lair:6 exclusion: 4 oklob plants


Innate Abilities, Weirdness & Mutations

You reflexively headbutt those who attack you in melee.
You have a pair of horns on your head.


Message History

The swamp worm is moderately wounded.
You slice the alligator!! You burn the alligator.
* * * LOW HITPOINT WARNING * * *
You feel very sick.
The alligator bites you but does no damage.
The alligator tail-slaps you but does no damage.
You slash the swamp worm! You burn the swamp worm.
The swamp worm is severely wounded.
You slash the alligator! You burn the alligator.
* * * LOW HITPOINT WARNING * * *
You feel sick. The swamp worm barely misses you.
You are too berserk!
You closely miss the swamp worm.
The swamp worm is severely wounded.
You completely miss the alligator.
* * * LOW HITPOINT WARNING * * *
You feel very sick. The alligator completely misses you.
You furiously retaliate!
You headbutt the alligator! The alligator tail-slaps you.
You die...

♣♣....♣.♣♣..♣..♣♣ ♣♣♣
♣≈.≈...≈♣..._...
♣.≈≈≈≈..♣♣?.≈..♣ ♣♣♣
♣.≈...≈..♣.≈≈≈.♣ ♣.♣
♣......≈♣♣..≈..♣♣ ♣.♣
♣...≈≈..♣......!♣ ♣≈♣
♣..≈≈...♣♣.!♣..♣♣ ♣≈♣♣
♣....t.♣♣♣♣...♣♣♣♣♣.≈≈
♣≈≈≈.@w.♣♣..♣..♣♣..≈≈≈
♣≈.........♣♣♣.......≈
♣♣≈.≈≈≈..♣♣♣ ♣♣♣..≈≈≈§
♣.§≈..♣♣♣ ♣♣♣...≈
♣....... ♣..♣♣♣.
♣♣.≈..≈.$ ♣.♣♣ .≈
♣.?.≈.... ♣.♣ ♣♣≈
♣≈≈..♣≈≈≈≈ ♣♣ ♣♣
...≈≈....≈.


You could see an alligator and a swamp worm (very poisoned).

Vanquished Creatures
  Gastronok (Lair:1)
  A frost giant (IceCv)
  The ghost of Luthais the Severer, a journeyman MiBe of Trog (Lair:2)
  A stone giant (Volcano)
  A bunyip (Swamp:1)
  Snorg (Lair:6)
  A fire dragon (Lair:6)
  An eleionoma (Swamp:1)
  The ghost of Juac the Destroyer, a journeyman DrCj of Vehumet (Lair:2)
  An ice dragon (D:14)
  Harold (Lair:1)
  8 hydras
  2 boulder beetles
  4 two-headed ogres
  2 catoblepae (Lair:6)
  3 centaur warriors
  3 ogre magi
  A death knight (D:14)
  2 death yaks (IceCv)
  2 alligators (Swamp:1)
  2 tengu warriors (D:13)
  The ghost of HoaS the Basher, a journeyman GrFi of Makhleb (D:10)
  An orc high priest (Orc:1)
  Nergalle (Lair:1)
  4 spriggans (Swamp:1)
  A wretched star (D:11)
  The ghost of kae the Martial Artist, a novice TeTm of Wu Jian (D:11)
  A fire crab (Lair:3)
  2 skeletal warriors (D:15)
  4 unseen horrors
  A flayed ghost (D:15)
  2 bog bodies (Swamp:1)
  2 tengu zombies (D:15)
  3 swamp dragons
  2 orc knights
  A necromancer (D:15)
  2 deep elf magi (D:14)
  A cyclops (D:7)
  A manticore (Lair:6)
  10 orc sorcerers
  8 ugly things
  A centaur zombie (D:12)
  10 elephants
  2 gargoyles
  An ice statue (IceCv)
  5 black mambas
  A black mamba (shapeshifter) (D:12)
  2 molten gargoyles (Volcano)
  9 cane toads
  Maggie (Lair:1)
  3 rime drakes
  12 komodo dragons
  An efreet (Volcano)
  27 polar bears
  5 hornets
  8 trolls
  4 tyrant leeches (Swamp:1)
  7 blink frogs (Lair:6)
  4 raiju
  A fire dragon zombie (D:15)
  10 slime creatures
  7 wyverns
  2 vampires (D:11)
  4 basilisks
  3 wraiths
  Grum (Lair:1)
  2 fire bats
  37 yaks
  3 steam dragons
  3 fire elementals
  7 vampire mosquitoes
  An elf skeleton (D:15)
  11 wargs
  3 swamp worms (Swamp:1)
  15 hell hounds
  3 acid dragons (Lair:6)
  A soldier ant (shapeshifter) (D:12)
  A swamp drake (Lair:6)
  21 water moccasins
  6 sky beasts
  27 orc warriors
  3 phantoms
  2 necrophages (D:10)
  16 black bears
  15 ogres
  4 ice beasts
  42 wolves
  8 centaurs
  3 small abominations (D:11)
  A big kobold (D:10)
  30 bullfrogs
  2 wyvern zombies
  2 earth elementals (Volcano)
  3 water moccasin zombies
  5 scorpions
  8 killer bees
  39 wights
  2 electric eels
  4 howler monkeys
  3 lava snakes (Volcano)
  A quasit (D:12)
  A bullfrog zombie (D:10)
  4 hounds
  4 bullfrog skeletons
  21 orc priests
  10 jellies
  4 centaur skeletons
  9 iguanas
  34 orc wizards
  7 worker ants
  Robin (D:3)
  A howler monkey zombie (D:11)
  27 adders
  A howler monkey skeleton (D:11)
  3 shadow imps
  3 white imps
  4 ufetubi
  4 oozes
  An adder zombie (D:6)
  2 worms
  3 dart slugs
  11 leopard geckos
  96 orcs
  A ball python (D:5)
  A giant cockroach (D:5)
  12 goblins
  7 hobgoblins
  15 jackals
  4 quokkas
  7 bats
  6 frilled lizards
  A jackal skeleton (D:5)
  5 kobolds
  6 rats
  A bush (D:11)
871 creatures vanquished.

Vanquished Creatures (others)
  A cane toad (Lair:6)
  A bullfrog (D:6)
  2 orc wizards (Orc:2)
  2 orcs (Orc:1)
  23 fungi
  65 plants
  5 withered plants (Lair:2)
99 creatures vanquished.

Grand Total: 970 creatures vanquished

Notes
Turn   | Place    | Note
-------+----------+-------------------------------------------
     0 | D:1      | Luthais the Minotaur Berserker began the quest for the Orb.
     0 | D:1      | Reached XP level 1. HP: 19/19 MP: 0/0
   293 | D:1      | Reached skill level 4 in Axes
   334 | D:1      | Reached XP level 2. HP: 27/27 MP: 1/1
   791 | D:1      | Reached XP level 3. HP: 33/33 MP: 2/2
  1150 | D:2      | Reached ** piety under Trog
  1624 | D:2      | Found a blossoming altar of Fedhas.
  1719 | D:2      | Found a faded altar of an unknown god.
  1728 | D:2      | Reached XP level 4. HP: 33/40 MP: 3/3
  1839 | D:2      | Reached skill level 5 in Axes
  2065 | D:3      | Identified the -1 helmet "Haoremm" {*Corrode rN+ Int+6}
  2065 | D:3      | Noticed Robin
  2095 | D:3      | Killed Robin
  2096 | D:3      | Reached XP level 5. HP: 47/47 MP: 4/4
  2821 | D:3      | Found a glowing silver altar of Zin.
  3086 | D:3      | Found an opulent altar of Gozag.
  3372 | D:4      | Reached skill level 6 in Axes
  3438 | D:4      | Reached *** piety under Trog
  3439 | D:4      | Reached skill level 5 in Fighting
  3442 | D:4      | Reached XP level 6. HP: 19/56 MP: 5/5
  3860 | D:4      | Found a bloodstained altar of Trog.
  4007 | D:4      | Found a stormy altar of Qazlal.
  4032 | D:4      | Found an ornate altar of the Wu Jian Council.
  4191 | D:5      | Entered Level 5 of the Dungeon
  4222 | D:5      | Reached skill level 7 in Axes
  4465 | D:5      | Reached skill level 5 in Armour
  4465 | D:5      | Reached XP level 7. HP: 43/62 MP: 6/6
  5011 | D:5      | Found a sparkling altar of Nemelex Xobeh.
  5108 | D:5      | Reached skill level 8 in Axes
  5506 | D:6      | Reached XP level 8. HP: 71/71 MP: 7/7
  5509 | D:6      | Reached skill level 9 in Axes
  5516 | D:6      | Reached **** piety under Trog
  5815 | D:6      | Found a staircase to the Ecumenical Temple.
  5979 | D:6      | Reached skill level 10 in Axes
  6551 | D:6      | Found a glowing golden altar of the Shining One.
  6940 | Temple   | Entered the Ecumenical Temple
  6973 | D:6      | Reached skill level 10 in Fighting
  6973 | D:6      | Reached skill level 13 in Axes
  6974 | D:6      | Reached XP level 9. HP: 85/85 MP: 8/8
  7024 | D:7      | Reached XP level 10. HP: 93/93 MP: 9/9
  7132 | D:7      | Noticed a cyclops
  7144 | D:7      | Killed a cyclops
  7145 | D:7      | Reached skill level 10 in Armour
  7471 | D:7      | Found a shimmering altar of Xom.
  7671 | D:8      | Got a heavily runed chain mail
  7681 | D:8      | Identified the cursed +1 chain mail of Brilliance {-Tele
                  | Str+4} (You found it on level 8 of the Dungeon)
  7708 | D:8      | Reached skill level 14 in Axes
  7804 | D:8      | Found a sparkling altar of Nemelex Xobeh.
  7833 | D:8      | Got a translucent brass ring
  8106 | D:8      | Reached ***** piety under Trog
  8245 | D:8      | Noticed a two-headed ogre
  8251 | D:8      | Killed a two-headed ogre
  8639 | D:8      | Found a hide-covered altar of Uskayaw.
  8953 | D:8      | Found a bloodstained altar of Trog.
  9487 | D:9      | Found a broken altar of Ashenzari.
  9487 | D:9      | Found a hazy altar of Hepliaklqana.
  9751 | D:9      | Reached XP level 11. HP: 74/102 MP: 10/10
  9862 | D:9      | Found a staircase to the Orcish Mines.
 10040 | D:9      | Received a gift from Trog
 10411 | D:9      | Found Erpheip's Hydra Hut.
 10412 | D:9      | Noticed a six-headed hydra
 10479 | D:10     | Entered Level 10 of the Dungeon
 10631 | D:10     | Noticed a centaur warrior
 10640 | D:10     | Killed a centaur warrior
 10641 | D:10     | Reached skill level 15 in Axes
 10779 | D:10     | Noticed an eight-headed hydra
 10783 | D:10     | Noticed a seven-headed hydra
 10790 | D:10     | Killed a nine-headed hydra
 10793 | D:10     | Killed a seven-headed hydra
 11145 | D:10     | Noticed a brown ugly thing
 11149 | D:10     | Killed a brown ugly thing
 11285 | D:10     | Found Worap's Assorted Antiques.
 11601 | D:10     | Killed an unseen horror
 11602 | D:10     | Reached skill level 16 in Axes
 12053 | D:10     | Found a runed translucent door.
 12053 | D:10     | Noticed HoaS's ghost (journeyman GrFi)
 12061 | D:10     | Killed HoaS's ghost
 12138 | D:10     | Got a spiked chain mail
 12148 | D:10     | Identified the +7 chain mail of Unambiguity {rC- Str+5
                  | Int+4} (You found it on level 10 of the Dungeon)
 12148 | D:10     | Identified the ring "Ysitatt" {rPois rN+ Will+ MP+9 Int+3}
                  | (You found it on level 8 of the Dungeon)
 12240 | D:11     | Received a gift from Trog
 12243 | D:11     | Found a staircase to the Lair.
 12254 | D:11     | Reached XP level 12. HP: 88/113 MP: 11/11
 12711 | D:11     | Found a one-way gate to the infinite horrors of the Abyss.
 12711 | D:11     | Noticed kae's ghost (novice TeTm)
 12723 | D:11     | Found a transporter.
 12836 | D:11     | Found a transporter.
 12854 | D:11     | Reached skill level 17 in Axes
 12855 | D:11     | Killed kae's ghost
 13515 | D:12     | Found Roott's Armour Shop.
 13886 | D:12     | Noticed a seven-headed hydra
 13895 | D:12     | Killed a three-headed hydra
 14695 | Lair:1   | Entered Level 1 of the Lair of Beasts
 14695 | Lair:1   | Noticed Gastronok
 14703 | Lair:1   | Received a gift from Trog
 14711 | Lair:1   | Killed Gastronok
 14979 | Lair:1   | Noticed Grum
 14989 | Lair:1   | Reached XP level 13. HP: 89/122 MP: 12/12
 14991 | Lair:1   | Killed Grum
 15282 | Lair:1   | Noticed Nergalle
 15294 | Lair:1   | Killed Nergalle
 15295 | Lair:1   | Reached skill level 18 in Axes
 15437 | Lair:1   | Noticed Maggie
 15443 | Lair:1   | Noticed Harold
 15444 | Lair:1   | Killed Maggie
 15464 | Lair:1   | Killed Harold
 15842 | Lair:1   | Got a twisted robe
 16004 | Lair:2   | Reached ****** piety under Trog
 16008 | Lair:2   | Received a gift from Trog
 16702 | Lair:2   | Found a runed translucent gate.
 16702 | Lair:2   | Found a runed translucent gate.
 16703 | Lair:2   | Found a runed translucent gate.
 16703 | Lair:2   | Noticed Luthais's ghost (journeyman MiBe)
 16703 | Lair:2   | Noticed Juac's ghost (journeyman DrCj)
 16945 | Lair:2   | Killed Juac's ghost
 16952 | Lair:2   | Killed Luthais's ghost
 17143 | Lair:2   | Got an ominously black robe
 17209 | Lair:3   | You fall into a shaft and drop 1 floor!
 17310 | Lair:4   | Found a staircase to the Swamp.
 17861 | Lair:4   | Found a dark tunnel.
 17866 | Volcano  | Entered a volcano
 18441 | Volcano  | Found a radiant altar of Vehumet.
 18653 | Volcano  | Noticed a stone giant
 18657 | Volcano  | Killed a stone giant
 18658 | Volcano  | Reached skill level 19 in Axes
 19027 | Lair:4   | Got a glimmering ring mail
 19079 | Lair:4   | Identified the cursed +0 robe "Mianoroq" {+Fly rPois Dex-3}
                  | (You found it on level 1 of the Lair of Beasts)
 19090 | Lair:4   | Identified the cursed +0 robe of Valeh {Int+2} (You found
                  | it on level 2 of the Lair of Beasts)
 19101 | Lair:4   | Identified the +3 ring mail "Favva Rexzin" {rN+ Str-5 Dex+2
                  | Slay+3} (You found it on level 4 of the Lair of Beasts)
 20020 | Lair:6   | Entered Level 6 of the Lair of Beasts
 20529 | Lair:6   | Received a gift from Trog
 20531 | Lair:6   | Reached XP level 14. HP: 26/133 MP: 13/13
 20917 | Lair:6   | Found a staircase to the Slime Pits.
 20974 | Lair:6   | Noticed Snorg
 20987 | Lair:6   | Killed Snorg
 21412 | Lair:6   | Reached skill level 15 in Fighting
 22000 | Lair:6   | Reached skill level 20 in Axes
 22005 | Lair:6   | Received a gift from Trog
 22018 | Lair:6   | Reached skill level 15 in Armour
 22310 | Lair:6   | Got a transparent rapier {god gift}
 23442 | Lair:3   | Found a transporter.
 23465 | Lair:3   | Found a transporter.
 23879 | Temple   | Identified the +3 rapier of the Foot {flame, rC+ SInv}
                  | (Trog gifted it to you on level 6 of the Lair of Beasts)
 24560 | Lair:3   | Found a runed translucent gate.
 24561 | Lair:3   | Found a runed translucent gate.
 24562 | Lair:3   | Found a runed translucent gate.
 24565 | Lair:3   | Noticed Flubbersnuff's ghost (journeyman MiBe)
 24585 | Lair:3   | Found a staircase to the Snake Pit.
 24594 | Lair:3   | Received a gift from Trog
 25361 | Lair:2   | Got a shimmering hand axe
 25361 | Lair:2   | Identified the cursed +1 hand axe of Agony {antimagic,
                  | Will++ Stlth-} (You found it on level 2 of the Lair of
                  | Beasts)
 25437 | Lair:6   | Got an encrusted rapier
 25437 | Lair:6   | Identified the cursed +1 rapier "Zomagoah" {vorpal, rPois
                  | Stlth+} (You found it on level 6 of the Lair of Beasts)
 26326 | D:14     | Reached skill level 21 in Axes
 26326 | D:14     | Reached XP level 15. HP: 124/144 MP: 14/14
 26412 | D:14     | Reached XP level 16. HP: 145/151 MP: 15/15
 26483 | D:14     | Received a gift from Trog
 26499 | D:14     | Found a frozen archway.
 26536 | IceCv    | Entered an ice cave
 27254 | IceCv    | Received a gift from Trog
 27559 | IceCv    | Identified the Handbook of Ashen Transmutation
 27563 | IceCv    | Got a translucent lead ring
 28077 | D:14     | Found a gate to the Vaults.
 28190 | D:15     | Entered Level 15 of the Dungeon
 28804 | D:15     | Found a staircase to the Depths.
 28813 | D:15     | Reached skill level 22 in Axes
 29384 | Temple   | Identified the ring "Oxawk" {rN+ Int+3 Dex+3 Stlth+} (You
                  | found it in an ice cave)
 29539 | Orc:1    | Entered Level 1 of the Orcish Mines
 30033 | Orc:1    | Received a gift from Trog
 30034 | Orc:1    | Got a twisted great sword {god gift}
 30406 | Orc:2    | Entered Level 2 of the Orcish Mines
 30661 | Orc:2    | Received a gift from Trog
 30662 | Orc:2    | Got an encrusted battleaxe {god gift}
 30745 | Orc:2    | Found a staircase to the Elven Halls.
 30800 | Orc:2    | Paralysed by an ogre mage for 2 turns
 30828 | Orc:2    | Found an ancient bone altar of Kikubaaqudgha.
 30829 | Orc:2    | Paralysed by an orc sorcerer for 3 turns
 30859 | Orc:2    | Found a radiant altar of Vehumet.
 30959 | Orc:2    | Found Macvoexu's Magic Scroll Emporium.
 31215 | Orc:2    | Found Saariti's Assorted Antiques.
 31411 | Orc:2    | Bought a scroll of acquirement for 728 gold pieces
 31411 | Orc:2    | Acquired 864 gold pieces
 31415 | Orc:2    | Bought a scroll of enchant weapon for 105 gold pieces
 31415 | Orc:2    | Bought a scroll of brand weapon for 280 gold pieces
 31445 | Orc:2    | Found a roughly hewn altar of Beogh.
 31445 | Orc:2    | Found Rino's Antique Weapon Shoppe.
 31447 | Orc:2    | Found Amoirho Komp's Antique Armour Emporium.
 31464 | Orc:2    | Found Bihosu's Book Shoppe.
 31834 | Swamp:1  | Entered Level 1 of the Swamp
 32166 | Swamp:1  | Received a gift from Trog
 32379 | Swamp:1  | Found a burning altar of Makhleb.
 32415 | Swamp:1  | HP: 5/232 [swamp worm (12)]
 32418 | Swamp:1  | HP: 1/232 [poison (poison gas)]
 32418 | Swamp:1  | Slain by an alligator

Illustrated notes

Levels and vault maps discovered:
D:1:      psy_arrival_radial01, layout_basic
D:2:      layout_basic, fedhas_altar_3, chequers_ecumenical_altar_simple_redux
D:3:      layout_loops_ring, pdpol_temple_overflow_zin_treasury_gozag_greed,
          serial_co_window_serial, co_window_paths_b, co_window_cross_1,
          co_window_paths_b, co_window_paths_a, co_window_corner_a,
          co_window_paths_a, co_window_of_opportunity_a,
          co_window_of_opportunity_a, co_window_paths_a, co_window_broadway_b,
          co_window_corner_b, co_window_corner_cb, glass_columns_a,
          glass_columns_b, uniq_robin
D:4:      layout_cave_pools, lemuel_round_altar, overflow_temple_1_default,
          trog_butcher_becter
D:5:      layout_basic, basic_altar, hangedman_minor_gate_pass
D:6:      layout_basic, lemuel_doored_altar, minmay_temple_entry_stoned_glass,
          nrook_campfire
D:7:      layout_gridville, nicolae_overflow_hidden_temple
D:8:      kennysheep_blocky_room, layout_basic, eat_drink_and_be_merry_uskayaw,
          overflow_temple_1_default, kennysheep_mini_moat
D:9:      layout_stronghold, gammafunk_temple_overflow_elements,
          david_orc_1_choice, minmay_misc_feat_tower, doesnt_shop_hydraphobe
D:10:     hangedman_cross_cluster, layout_loops_corners, serial_shops, shop,
          gammafunk_ghost_grave
D:11:     layout_cave_pools, minmay_lair_entry_grove,
          gammafunk_ghost_abyssal_escape, library_closet, serial_bayou_pond_b,
          minmay_misc_feat_iff
D:12:     layout_irregular_city, serial_column_ruins, column_ruins_grid_3,
          column_ruins_columns_straight, column_ruins_open_tiny,
          column_ruins_grid_1, column_ruins_open_tiny, serial_shops, shop
D:13:     layout_gridville
D:14:     layout_rooms, david_vaults_1, minmay_misc_feat_five,
          portal_ice_cave_entry_animals_and_master
D:15:     gammafunk_depths_entry_grave, layout_gridville, fountainhead,
          moated_statue, minmay_librarian
Temple:   eino_temple_lava
Lair:1:   layout_misc_corridors, uniq_nergalle, uniq_grum, uniq_harold,
          uniq_maggie, uniq_gastronok
Lair:2:   layout_loops_ring, gammafunk_ghost_cemetery,
          grunt_forest_small_clearing_treed, grunt_megastairs_4
Lair:3:   gammafunk_cloud_chamber, layout_regular_city,
          minmay_snake_entry_six_corridors, maelrawn_ghost_gauntlet_escape,
          beast_lair_carwin_3
Lair:4:   layout_loops_ring, swamp_mist_pool, enter_volcano_4
Lair:5:   layout_loops_ring
Lair:6:   hangedman_lair_caniforms_friends, layout_cave_shapes,
          guppyfry_lair_end_dragon, nicolae_slime_entry_slimehenge,
          chequers_serial_rivers_micro_d, serial_bayou_shore_b,
          minmay_lair_oklob_chamber, uniq_snorg
Swamp:1:  layout_falls_marsh, nicolae_swamp_godswood, infiniplex_staircase_pool
Orc:1:    cheibrodos_orc_guarddog, layout_diamond_mine
Orc:2:    kennysheep_orc_mage_school, layout_diamond_mine, serial_shops,
          shop_statue, gauntlet_entry_generic, abandoned_shop

Skill      XL: |  1  2  3  4  5  6  7  8  9 10 11 12 13 14 15 16 |
---------------+-------------------------------------------------+-----
Axes           | 4 5 6 7 8 13 14 16 17 19 21 22 | 22.8
Fighting       | 4 5 6 10 11 12 13 14 16 17 | 17.3
Armour         | 3 4 5 6 9 10 12 13 14 15 17 | 17.1
Dodging        | |  2.1

Action                   |  1- 3 |  4- 6 |  7- 9 | 10-12 | 13-15 | 16-18 || total
-------------------------+-------+-------+-------+-------+-------+-------++-------
Melee: Hand axe          |    68 |   121 |   138 |       |       |       ||   327
       Headbutt          |     8 |    20 |    30 |    98 |   109 |   112 ||   377
       Battleaxe         |       |       |     3 |   468 |    23 |     2 ||   496
       Flail             |       |       |       |     6 |       |       ||     6
       Executioner's axe |       |       |       |    10 |   507 |   439 ||   956
Invok: Berserk           |     1 |     4 |     3 |     5 |    11 |     7 ||    31
       Trog's Hand       |       |       |       |       |     1 |     1 ||     2
  Use: Scroll            |       |       |    16 |    13 |     9 |     8 ||    46
       Potion            |       |       |     1 |       |     1 |       ||     2
 Stab: Distracted        |       |       |       |       |       |     1 ||     1
Armor: Animal skin       |     8 |       |       |       |       |       ||     8
       Ring mail         |     6 |       |       |       |       |       ||     6
       Scale mail        |       |    62 |    35 |       |       |       ||    97
       Chain mail        |       |       |     2 |   279 |   401 |       ||   682
       Crystal plate arm |       |       |       |       |   178 |   430 ||   608
Dodge: Dodged            |    57 |    84 |    70 |   218 |   291 |   201 ||   921

Table legend: (Time is in decaauts)
 A = Elapsed time spent in this place.
 B = Non-inter-level travel time spent in this place.
 C = Inter-level travel time spent in this place.
 D = Time resting spent in this place.
 E = Time spent auto-exploring this place.
 F = Levels seen in this place.
 G = Mean time per level.
                   A        B        C        D        E       F      G
               +--------+--------+--------+--------+--------+-----+--------+
         Total |  32657 |  29929 |   2728 |   7988 |  17871 |  27 | 1209.5 |
       Dungeon |  18043 |  16267 |   1776 |   3443 |  10747 |  15 | 1202.9 |
        Temple |    174 |    153 |     21 |      0 |      0 |   1 |  174.0 |
          Lair |   9770 |   9030 |    740 |   3141 |   4895 |   6 | 1628.3 |
         Swamp |    375 |    375 |      0 |      0 |    270 |   1 |  375.0 |
  Orcish Mines |   2176 |   1987 |    189 |    418 |   1208 |   2 | 1088.0 |
      Ice Cave |   1132 |   1132 |      0 |    616 |    303 |   1 | 1132.0 |
       Volcano |    984 |    984 |      0 |    368 |    446 |   1 |  984.0 |
               +--------+--------+--------+--------+--------+-----+--------+

Top non-repeatable levels by time:
  Lair:6: 3090 daAuts
     D:6: 1798 daAuts
    D:10: 1766 daAuts
     D:9: 1614 daAuts
     D:8: 1483 daAuts
  Lair:2: 1482 daAuts
     D:5: 1442 daAuts
  Lair:3: 1412 daAuts
    D:11: 1374 daAuts
  Lair:4: 1307 daAuts
     D:3: 1271 daAuts
  Lair:5: 1244 daAuts
  Lair:1: 1232 daAuts
   Orc:2: 1217 daAuts
     D:1: 1158 daAuts
